Selects Italian Combined Arms Battlegroup
Selects Bersaglieri Squad
Construct Light Support Kompanie
Construct Mechanized Kompanie
Panzerjäger Mechanized Group
Selects Semovente da 75/18 Assault Gun
Selects Carro Armato M13/40 Light Tank
Carro Armato M13/40 Light Tank
Carro Armato M13/40 Light Tank
Marder III Tank Destroyer
Marder III Tank Destroyer
Panzerjäger Mechanized Group
Selects Vehicle Support - Secure Location
Selects Vehicle Support - Force Recon
Marder III Tank Destroyer
Carro Armato M13/40 Light Tank
Panzerjäger Mechanized Group
254 Reconnaissance Tractor
Carro Armato M13/40 Light Tank
Carro Armato M13/40 Light Tank